 Dungeon Crawl Stone Soup version 0.23.2-1-ga50397a (webtiles) character file.

Game seed: 2730069328782124947

22528 whitewolfNL the Basher (level 12, -27/115 HPs)
             Began as a Minotaur Berserker on May 25, 2019.
             Was a High Priest of Trog.
             Killed from afar by a tengu reaver (35 damage)
             ... with a bolt of poison
             ... on level 12 of the Dungeon.
             The game lasted 01:09:38 (13350 turns).

whitewolfNL the Basher (Minotaur Berserker)        Turns: 13350, Time: 01:09:39

Health: -27/115    AC: 22    Str: 25      XL:     12   Next: 63%
Magic:  23/23      EV: 17    Int:  3 (4)  God:    Trog [*****.]
Gold:   363        SH:  7    Dex: 18      Spells: 11/11 levels left

rFire    + . .     SeeInvis .   E - +3 flail (protect)
rCold    x . .     Gourm    .   a - +2 buckler of Creativity {*Drain rN+ Dex+3}
rNeg     + . .     Faith    .   V - +5 scale mail of Dithmenos's Esteem {MP+9 Str+3}
rPois    .         Spirit   .   (helmet restricted)
rElec    .         Reflect  .   (no cloak)
rCorr    +         Harm     .   n - +0 pair of gloves
MR       .....                  (no boots)
Stlth    ..........             u - amulet of regeneration
HPRegen  0.69/turn              h - ring of fire
MPRegen  0.18/turn              m - ring of resist corrosion

@: lethally poisoned (-27 -> -46), flayed, protection aura, berserk cooldown,
slowed, very slow
A: retaliatory headbutt, horns 2, deterioration 1
a: Berserk, Trog's Hand, Brothers in Arms, Renounce Religion


You were on level 12 of the Dungeon.
You worshipped Trog.
Trog was extremely pleased with you.
You were hungry.

You visited 1 branch of the dungeon, and saw 12 of its levels.
You also visited: Sewer and Ossuary.

You collected 778 gold pieces.
You spent 415 gold pieces at shops.

Inventory:

Hand Weapons
 E - a +3 flail of protection (weapon)
 P - a +1 hunting sling of flaming
 Y - a +1 antimagic great mace
Missiles
 d - 54 bolts
 f - 4 throwing nets (quivered)
 g - 255 arrows
 w - 3 silver tomahawks
 x - 90 sling bullets
 A - 8 silver javelins
 F - 3 tomahawks
 I - 21 stones
Armour
 a - the +2 buckler of Creativity (worn) {*Drain rN+ Dex+3}
   (You found it on level 9 of the Dungeon)

   It affects your dexterity (+3).
   It protects you from negative energy.
   It causes draining when unequipped.
 n - a +0 pair of gloves (worn)
 Q - a +0 plate armour
 V - the +5 scale mail of Dithmenos's Esteem (worn) {MP+9 Str+3}
   (You found it on level 11 of the Dungeon)

   It affects your strength (+3).
   It affects your magic capacity (+9).
Jewellery
 h - a ring of fire (left hand)
 m - a ring of resist corrosion (right hand)
 u - an amulet of regeneration (around neck)
Wands
 j - a wand of polymorph (21)
 o - a wand of paralysis (6)
 p - a wand of random effects (9)
 y - a wand of disintegration (17)
 D - a wand of digging (4)
Scrolls
 b - 5 scrolls of identify
 e - 7 scrolls of teleportation
 k - 5 scrolls of remove curse
 l - a scroll of fog {unknown}
 r - 2 scrolls of amnesia {unknown}
 s - 2 scrolls of torment {unknown}
 B - 3 scrolls of enchant armour {unknown}
 K - 2 scrolls of summoning {unknown}
 O - a scroll of blinking {unknown}
 R - a scroll of random uselessness {unknown}
Potions
 i - 2 potions of lignification {unknown}
 q - 9 potions of heal wounds
 v - a potion of brilliance {unknown}
 z - a potion of haste
 C - 6 potions of curing
 H - 2 potions of agility {unknown}
 L - a potion of degeneration {unknown}
 M - 3 potions of cancellation {unknown}
Comestibles
 c - 30 rations
 t - 2 chunks of flesh


   Skills:
 * Level 13.4 Fighting
 * Level 13.6 Maces & Flails
 - Level 6.0 Throwing
 + Level 10.0 Armour
 + Level 9.2 Dodging
 - Level 4.0 Shields
 - Level 4.0 Evocations


You had 11 spell levels left.
You didn't know any spells.
Your spell library was empty.

Dungeon Overview and Level Annotations

Branches:
Dungeon (12/15)            Temple (0/1) D:7            Lair (0/6) D:8
    Orc (0/2) D:10

Altars:
Dithmenos
Fedhas
Nemelex Xobeh
Okawaru
Sif Muna
Vehumet

Shops:
D:6 =   D:9 [?**

Annotations:
D:6 shop amulet acveok 500
D:8 LAIR HERE
D:10 orc mines


Innate Abilities, Weirdness & Mutations

You reflexively headbutt those who attack you in melee.
You have a pair of horns on your head.
Your body sometimes deteriorates upon taking damage.


Message History

The tengu reaver is severely wounded.
The flayed ghost cries, "Feel what I felt!"
Terrible wounds open up all over your body!
The tengu reaver completely misses you. The tengu reaver pecks you.
The tengu reaver completely misses you.
You miss the tengu reaver. Your headbutt misses the tengu reaver.
The tengu reaver is severely wounded.
The flayed ghost cries, "Suffer as I suffered!"
Terrible wounds spread across more of your body!
You sock the tengu reaver!
The tengu reaver is almost dead.
The tengu reaver points at you and mumbles some strange words.
The bolt of poison hits you!!
You are poisoned.
* * * LOW HITPOINT WARNING * * *
The flayed ghost stares at you with tortured malice.
The tengu reaver casts a spell at you. The bolt of poison hits you!!
You are lethally poisoned!
You die...

...................###.#
....................##.#
...................###.#
...................# #.#
..........[.......## #..
#.......(...###### ###
#####..†##### #.(.#
##@## #Q# #W# .*. ...
.)... [.... ##...##


You could see a tengu reaver, a flayed ghost and a battlesphere.

Vanquished Creatures
  Snorg (D:11)
  A hydra (D:12)
  Harold (D:10)
  Erica (D:9)
  Pikel (D:9)
  2 cyclopes
  3 manticores
  Maurice (D:10)
  Joseph (D:7)
  4 gargoyles
  2 centaur skeletons
  A kobold demonologist (D:12)
  7 trolls
  Grinder (D:4)
  A slime creature (D:11)
  7 hippogriffs
  A wyvern (D:11)
  15 yaks
  2 hungry ghosts (D:10)
  A basilisk (D:12)
  3 wargs (D:8)
  3 water moccasins
  Duvessa (D:6)
  An eye of draining (D:10)
  4 orc warriors
  2 ice beasts
  3 phantoms
  3 sky beasts
  A slave (D:9)
  A necrophage (D:8)
  7 ogres
  6 centaurs
  4 big kobolds
  Blork the orc (D:4)
  5 elf zombies (Ossuary)
  9 bullfrogs
  A gnoll sergeant (D:12)
  A wyvern zombie (D:8)
  Dowan (D:6)
  6 scorpions
  15 killer bees
  2 troll zombies (D:10)
  4 wights (D:12)
  4 centaur zombies
  2 howler monkeys
  2 crimson imps
  A bullfrog zombie (D:8)
  5 human zombies (Ossuary)
  A quasit (D:11)
  A bullfrog skeleton (D:8)
  6 jellies
  11 orc priests
  5 hounds
  15 orc wizards
  2 iguanas
  9 worker ants
  A statue (D:4)
  4 ogre zombies (D:10)
  A hound zombie (D:8)
  A hound skeleton (D:5)
  3 mummies (Ossuary)
  A worker ant zombie (D:6)
  Robin (D:2)
  11 gnolls
  13 adders
  A river rat (D:5)
  2 shadow imps (D:9)
  7 oozes
  2 adder skeletons (D:8)
  5 dart slugs
  5 worms
  6 leopard geckos
  54 orcs
  2 ball pythons
  12 bats
  6 giant cockroaches
  17 goblins
  15 hobgoblins
  8 jackals
  31 kobolds
  7 quokkas
  6 frilled lizards
  4 goblin skeletons (D:10)
  2 goblin zombies (D:10)
  2 hobgoblin skeletons (D:10)
  2 hobgoblin zombies (D:10)
  A jackal skeleton (D:4)
  5 leopard gecko skeletons
  2 orc skeletons (D:10)
  7 orc zombies (D:10)
  A quokka zombie (D:8)
  14 rats
  A fungus (Sewer)
465 creatures vanquished.

Notes
Turn   | Place    | Note
-------+----------+-------------------------------------------
     0 | D:1      | whitewolfNL the Minotaur Berserker began the quest for the
                  | Orb.
     0 | D:1      | Reached XP level 1. HP: 19/19 MP: 0/0
    62 | D:1      | Reached XP level 2. HP: 9/27 MP: 1/1
   608 | D:1      | Reached XP level 3. HP: 22/33 MP: 2/2
   896 | D:1      | Reached skill level 1 in Throwing
   921 | D:1      | Reached ** piety under Trog
  1182 | D:2      | Reached XP level 4. HP: 41/41 MP: 3/3
  1186 | D:2      | Noticed Robin
  1195 | D:2      | Killed Robin
  1984 | D:3      | Found a shadowy altar of Dithmenos.
  2038 | D:3      | Reached XP level 5. HP: 46/47 MP: 4/4
  2245 | D:3      | Reached *** piety under Trog
  2301 | D:3      | Reached skill level 5 in Fighting
  2333 | D:3      | Found a deep blue altar of Sif Muna.
  2575 | D:3      | Reached skill level 5 in Maces & Flails
  2594 | D:3      | Reached XP level 6. HP: 35/56 MP: 5/5
  2885 | D:4      | Noticed Grinder
  2887 | D:4      | Paralysed by Grinder for 7 turns
  2904 | D:4      | Killed Grinder
  2958 | D:4      | Reached XP level 7. HP: 56/62 MP: 6/6
  3003 | D:4      | Noticed Blork the orc
  3011 | D:4      | Killed Blork the orc
  3033 | D:4      | Reached **** piety under Trog
  3137 | D:4      | Found a blossoming altar of Fedhas.
  3277 | D:4      | Found a radiant altar of Vehumet.
  3505 | D:4      | Reached skill level 5 in Armour
  3543 | D:4      | Found an iron altar of Okawaru.
  3548 | D:4      | Received a gift from Trog
  3608 | D:5      | Entered Level 5 of the Dungeon
  3619 | D:5      | Reached XP level 8. HP: 71/71 MP: 7/7
  4041 | D:5      | Found a glowing drain.
  4045 | Sewer    | Entered a sewer
  4272 | Sewer    | Received a gift from Trog
  4308 | Sewer    | Reached skill level 5 in Dodging
  5016 | D:6      | Noticed Duvessa
  5016 | D:6      | Noticed Dowan
  5025 | D:6      | Killed Duvessa
  5030 | D:6      | Killed Dowan
  5216 | D:6      | Found Usicw's Jewellery Emporium.
  5219 | D:6      | Bought a cursed ring of attention for 58 gold pieces
  5263 | D:6      | Reached XP level 9. HP: 81/81 MP: 8/8
  5589 | D:6      | Found a sand-covered staircase.
  5596 | Ossuary  | Entered an ossuary
  5700 | Ossuary  | Received a gift from Trog
  6385 | D:7      | Noticed Joseph
  6407 | D:7      | Killed Joseph
  6613 | D:7      | Found a sparkling altar of Nemelex Xobeh.
  6733 | D:7      | Found a staircase to the Ecumenical Temple.
  7241 | D:8      | Reached skill level 10 in Maces & Flails
  7279 | D:8      | Received a gift from Trog
  7498 | D:8      | Reached XP level 10. HP: 64/93 MP: 9/9
  7615 | D:8      | Reached skill level 10 in Fighting
  7615 | D:8      | Reached skill level 1 in Evocations
  7789 | D:8      | Found a staircase to the Lair.
  7822 | D:8      | Received a gift from Trog
  7835 | D:8      | Got a slimy leather armour
  8396 | D:9      | Found Xiaseuj's Magic Scroll Shop.
  8418 | D:9      | Found Cuurirph's Armour Shoppe.
  8431 | D:9      | Bought a scroll of remove curse for 39 gold pieces
  8431 | D:9      | Bought a scroll of immolation for 45 gold pieces
  8431 | D:9      | Bought a scroll of magic mapping for 45 gold pieces
  8431 | D:9      | Bought a scroll of noise for 13 gold pieces
  8431 | D:9      | Bought a scroll of enchant weapon for 97 gold pieces
  8432 | D:9      | Bought a scroll of identify for 26 gold pieces
  8432 | D:9      | Bought a scroll of identify for 26 gold pieces
  8525 | D:8      | Identified the +1 leather armour "Guerito" {*Contam +Blink
                  | MR+} (You found it on level 8 of the Dungeon)
  8552 | D:8      | Gained mutation: Your body sometimes deteriorates upon
                  | taking damage. [mutagenic glow]
  8685 | D:9      | Found Qaijeiwk's General Store.
  8695 | D:9      | Bought a scroll of teleportation for 33 gold pieces
  8695 | D:9      | Bought a scroll of teleportation for 33 gold pieces
  8708 | D:9      | Got a twisted buckler
  8714 | D:9      | Identified the +2 buckler of Creativity {*Drain rN+ Dex+3}
                  | (You found it on level 9 of the Dungeon)
  8717 | D:9      | Found Suemmuqa's Assorted Antiques.
  8799 | D:9      | Noticed Erica
  8836 | D:9      | Killed Erica
  8836 | D:9      | Reached skill level 1 in Shields
  9084 | D:9      | Noticed a cyclops
  9099 | D:9      | Killed a cyclops
  9099 | D:9      | Reached XP level 11. HP: 52/101 MP: 12/12
  9175 | D:9      | Noticed Pikel
  9190 | D:9      | Killed Pikel
  9190 | D:9      | Reached skill level 5 in Throwing
  9647 | D:10     | Entered Level 10 of the Dungeon
  9753 | D:10     | Reached ***** piety under Trog
  9929 | D:10     | Received a gift from Trog
 10023 | D:10     | Found a staircase to the Orcish Mines.
 10092 | D:10     | Received a gift from Trog
 10174 | D:10     | Orc mines DL 10
 10240 | D:10     | Noticed Harold
 10249 | D:10     | Killed Harold
 10616 | D:10     | Noticed Maurice
 10630 | D:10     | Killed Maurice
 11231 | D:11     | Received a gift from Trog
 11304 | D:11     | Noticed Snorg
 11307 | D:11     | Got a transparent scale mail
 11319 | D:11     | Killed Snorg
 11336 | D:11     | Identified the +5 scale mail of Dithmenos's Esteem {MP+9
                  | Str+3} (You found it on level 11 of the Dungeon)
 11471 | D:11     | Reached XP level 12. HP: 73/112 MP: 14/14
 11728 | D:11     | Received a gift from Trog
 13316 | D:12     | Noticed a six-headed hydra
 13327 | D:12     | Killed a six-headed hydra
 13327 | D:12     | Received a gift from Trog
 13327 | D:12     | Reached skill level 10 in Armour
 13331 | D:12     | Noticed a tengu reaver
 13350 | D:12     | Killed from afar by a tengu reaver

Skill      XL: |  1  2  3  4  5  6  7  8  9 10 11 12 |
---------------+-------------------------------------+-----
Fighting       | 4 5 6 8 9 10 12 13 | 13.4
Maces & Flails | 4 5 6 7 8 10 11 12 13 | 13.6
Throwing       | 1 2 3 4 6 |  6.0
Armour         | 3 4 5 6 7 8 9 10 | 10.0
Dodging        | 3 4 5 6 7 8 9 |  9.2
Evocations     | 3 4 |  4.0
Shields        | 2 4 |  4.0

Action                   |  1- 3 |  4- 6 |  7- 9 | 10-12 || total
-------------------------+-------+-------+-------+-------++-------
Melee: Mace              |    81 |       |       |       ||    81
       Headbutt          |    14 |    27 |    99 |   194 ||   334
       Flail             |    17 |   166 |   412 |   551 ||  1146
       Morningstar       |       |       |       |   179 ||   179
Throw: Stone             |       |       |    23 |       ||    23
       Javelin           |       |       |     4 |     8 ||    12
Invok: Berserk           |     1 |     2 |    14 |    22 ||    39
Evoke: Wand              |       |       |       |     8 ||     8
  Use: Scroll            |       |       |       |     5 ||     5
       Potion            |       |       |       |     2 ||     2
  Eat: Chunk             |     2 |     7 |    24 |    34 ||    67
       Ration            |       |       |     2 |     3 ||     5
Armor: Animal skin       |     8 |       |       |       ||     8
       Scale mail        |    45 |    78 |    61 |    86 ||   270
       Chain mail        |       |       |    86 |       ||    86
       Plate armour      |       |       |       |   271 ||   271
Dodge: Dodged            |    65 |   111 |   216 |   361 ||   753
Block: Buckler           |       |       |       |   182 ||   182
